Map: Abyssal Reef LE

Players

Commander

  • Race: Zerg Zerg
  • League: Diamond
  • Spawn Location: 5:00

Amedis - Winner!

  • Race: Zerg Zerg
  • League: Platinum
  • Spawn Location: 11:00

VOD

Have the link to the VOD?

Description

I REALLY LIKE CHEESE

Time

  • Played on: Dec. 31, 2017, 4:12 a.m.
  • Length: 6:45
Show
View Real Time Build Order
Export as new Build Order

Commander Zerg 

Build Orders: Pool First 

Get SALT Encoding   

  12  0:01  Drone  
  13  0:08  Drone  
  14  0:20  Overlord  
  14  0:36  Spawning Pool  
  14  0:37  Drone  
  14  0:42  Drone  
  15  0:45  Drone  
  15  0:49  Drone  
  17  0:56  Extractor  
  16  0:59  Drone  
  17  1:11  Drone  
  18  1:24  Drone  
  18  1:25  Hatchery  
  18  1:33  Queen  
  20  1:40  Overlord  
  20  1:46  Drone  
  21  1:54  Drone  
  22  2:08  Drone  
  23  2:17  Drone  
  24  2:26  Drone  
  24  2:28  Burrow  
  25  2:34  Roach Warren  
  25  2:36  Drone  
  25  2:40  Drone  
  25  2:43  Zergling x2  
  28  2:44  Zergling x4  
  28  2:49  Queen  
  31  2:54  Metabolic Boost  
  31  2:56  Zergling x2  
  31  3:00  Zergling x4  
  31  3:22  Roach x2  
  31  3:25  Overlord x2  
  35  3:34  Roach x2  
  35  3:51  Roach x4  
  39  3:56  Zergling x2  
  39  3:57  Zergling x8  
  39  4:02  Roach  
  42  4:09  Roach  
  41  4:12  Zergling x6  
  35  4:18  Roach  
  32  4:25  Drone  
  32  4:27  Drone  
  32  4:31  Drone  
  35  4:39  Drone  
  35  4:42  Drone  
  30  4:49  Roach x4  
  30  5:02  Roach x7  
  36  5:13  Roach x4  
  36  5:14  Roach  
  40  5:16  Roach x4  
  40  5:19  Roach  
  42  5:28  Spine Crawler  
  42  5:32  Roach x4  
  42  5:34  Roach x3  
  41  5:36  Roach  
  41  5:37  Roach  
  41  5:38  Roach x8  
  45  5:45  Drone  
  44  6:03  Drone x2  
  46  6:08  Overlord x3  
Show
View Real Time Build Order
Export as new Build Order

Amedis Zerg - Winner!

Build Orders: Pool First, Zergling Baneling 

Get SALT Encoding   

  12  0:01  Drone  
  13  0:12  Overlord  
  13  0:18  Drone  
  14  0:31  Drone x2  
  14  0:34  Drone  
  17  0:40  Extractor  
  16  0:45  Drone  
  17  0:59  Spawning Pool  
  17  1:00  Drone  
  17  1:21  Hatchery  
  16  1:26  Drone  
  16  1:29  Drone  
  18  1:38  Drone  
  19  1:41  Overlord  
  19  1:53  Zergling x2  
  20  1:56  Queen  
  22  2:01  Zergling x2  
  23  2:11  Zergling x2  
  24  2:18  Baneling Nest  
  24  2:21  Zergling x2  
  24  2:32  Zergling x2  
  25  2:37  Zergling x2  
  26  2:45  Zergling x4  
  28  2:57  Zergling x4  
  30  3:13  Zergling x4  
  30  3:14  Zergling x4  
  31  3:24  Zergling x2  
  31  3:25  Zergling x2  
  32  3:27  Baneling x2  
  32  3:28  Baneling x2  
  32  3:30  Zergling x2  
  33  3:38  Zergling x6  
  33  3:40  Overlord  
  32  4:04  Zergling x10  
  28  4:24  Zergling x2  
  28  4:25  Zergling x8  
  28  4:26  Baneling x2  
  28  4:27  Baneling x2  
  28  4:29  Metabolic Boost  
  33  4:35  Zergling x4  
  35  4:39  Baneling  
  35  4:40  Baneling x2  
  35  4:44  Zergling x2  
  35  4:45  Zergling x6  
  38  4:52  Zergling x2  
  36  4:54  Zergling x2  
  36  5:03  Zergling x4  
  38  5:14  Zergling x4, Lair  
  38  5:19  Baneling x2  
  38  5:21  Baneling x3  
  39  5:37  Zergling x8  
  39  5:38  Zergling x2  
  36  5:49  Zergling x6  
  35  5:55  Zergling x2  
  36  6:08  Drone  
  36  6:09  Drone x2  
  39  6:17  Zergling x2  
  39  6:18  Overlord  
  37  6:39  Spine Crawler x2  
Tags
 
Add a new tag
Caveats
  • Supply blocks, unpowered buildings, or Contaminate may cause inaccurate times.
  • Supply counts are checked every 10 seconds.